 Dungeon Crawl Stone Soup version 0.29.0-11-gd7f09526c8 (webtiles) character file.

Game seed: 4809890034214968428

915 iguanaiguana the Chopper (level 7, -2/62 HPs)
             Began as a Minotaur Fighter on Sept 6, 2022.
             Was a Follower of Nemelex Xobeh.
             Slain by Maggie
             ... wielding a +2 vorpal glaive
              (16 damage)
             ... on level 6 of the Dungeon.
             The game lasted 00:04:30 (4760 turns).

iguanaiguana the Chopper (Minotaur Fighter)         Turns: 4760, Time: 00:04:31

Health: -2/62      AC: 11    Str: 29    XL:     7   Next: 82%
Magic:  6/6        EV:  8    Int:  5    God:    Nemelex Xobeh [*.....]
Gold:   344        SH:  5    Dex:  9    Spells: 6/6 levels left

rFire   + . .      SeeInvis .   a - +0 war axe
rCold   + . .      Faith    .   c - +0 buckler
rNeg    + . .      Spirit   .   q - +1 chain mail {rN+}
rPois   .          Reflect  .   (helmet restricted)
rElec   .          Harm     .   n - scarf {rC+ rF+}
rCorr   +          Rampage  .   (no gloves)
Will    .....                   (no boots)
Stlth   ..........              (no amulet)
HPRegen 0.20/turn               j - +6 ring of strength
MPRegen 0.10/turn               z - ring of resist corrosion

@: mighty, invisible
A: horns 2, retaliatory headbutt
a: Renounce Religion, Draw Escape, Draw Destruction, Draw Summoning


You were on level 6 of the Dungeon.
You worshipped Nemelex Xobeh.
Nemelex Xobeh was aware of your devotion.
You visited 1 branch of the dungeon, and saw 6 of its levels.

You collected 344 gold pieces.

Inventory:

Hand Weapons
 a - a +0 war axe (weapon)
Missiles
 v - 4 boomerangs (quivered)
 A - 4 silver boomerangs
Armour
 c - a +0 buckler (worn)
 n - a scarf of resistance (worn)
 q - a +1 chain mail of positive energy (worn)
Magical Staves
 D - a staff of cold
Jewellery
 i - a ring of fire
 j - a +6 ring of strength (left hand)
 z - a ring of resist corrosion (right hand)
Wands
 k - a wand of digging (1) {@v3}
 s - a wand of flame (23)
Scrolls
 g - a scroll of teleportation {@r3}
 m - 2 scrolls of butterflies
 u - a scroll of enchant weapon
 w - a scroll of amnesia
 y - a scroll of silence {unknown}
 C - a scroll of enchant armour {unknown}
Potions
 b - a potion of invisibility
 d - 2 potions of might {@q3}
 e - 3 potions of mutation {unknown}
 f - a potion of haste {@q4}
 h - a potion of cancellation
 l - a potion of degeneration
 o - 3 potions of curing {unknown}
 p - 2 potions of lignification
 r - 2 potions of heal wounds {unknown}
 t - 2 potions of berserk rage {unknown}
 B - a potion of resistance {unknown}


   Skills:
 + Level 5.9 Fighting
 * Level 7.2 Axes
 + Level 5.9 Armour
 + Level 6.0 Shields


You had 6 spell levels left.
You didn't know any spells.
Your spell library contained the following spells:

 Spells                   Type           Power      Damage    Failure   Level
 Scorch                   Fire           0%         2d5       99%         2
 Flame Wave               Conj/Fire      0%         2d4       100%        4
 Summon Cactus Giant      Summ           0%         N/A       100%        6


Dungeon Overview and Level Annotations

Branches:
Dungeon (6/15) Zot: 25205  Temple (0/1) D:5

Altars:
Ashenzari
Elyvilon
Fedhas
Nemelex Xobeh
Qazlal
Sif Muna
Trog
Wu Jian

Shops:
D:5 *   D:6 ?

Annotations:
D:5 1 runed translucent door, BeKind's ghost, amateur DgFi
D:6 Maggie


Innate Abilities, Weirdness & Mutations

You have a pair of horns on your head.
You reflexively headbutt those who attack you in melee.


Message History

Maggie the Vainglorious comes into view.
She is wielding a +2 vorpal glaive.
Maggie shouts!
Maggie moves out of view.
You barely miss the water moccasin.
Maggie hits you from afar with a +2 vorpal glaive!
The water moccasin attacks as you move away!
Okay, then.
You fade into invisibility!
The water moccasin bites you.
You feel very mighty all of a sudden.
You strike the helpless water moccasin from behind!
You slice the water moccasin!!
The water moccasin is almost dead.
Maggie mumbles some strange words.
You closely miss the water moccasin.
The water moccasin is almost dead.
You barely miss the water moccasin.
The water moccasin is almost dead.
You closely miss the water moccasin.
You kill the water moccasin!
Maggie hits you from afar with a +2 vorpal glaive.
Your Axes skill increases to level 7!
Your Shields skill increases to level 6!
Maggie shouts, "Leave me alone!"
Maggie hits you with a +2 vorpal glaive.
You catch the helpless Maggie completely off-guard!
You hit Maggie.
Maggie is lightly wounded.
Maggie gestures at you while chanting. The bolt of fire hits you! You resist.
* * * LOW HITPOINT WARNING * * *
You closely miss Maggie.
Maggie is moderately wounded.
Maggie hits you with a +2 vorpal glaive!
* * * LOW HITPOINT WARNING * * *
x2 You closely miss Maggie.
Maggie is heavily wounded.
Maggie hits you with a +2 vorpal glaive!
You die...
Your body disappears without a glow.

#.......#
#.......#
#.......#
#.......#
#.......#
#.......#
#.# #@#
#@# #.#
#.# #.#
#.#
###.###
#.....#
#.#.#.#
#.#.#.#


You could see Maggie (unable to see you).

Vanquished Creatures
  A hornet (D:5)
  A water moccasin (D:6)
  An ice beast (D:6)
  A phantom (D:6)
  A scorpion (D:5)
  A howler monkey (D:5)
  2 hounds
  A gnoll bouda (D:5)
  A jelly (D:6)
  4 iguanas
  3 gnolls
  4 adders
  3 worms
  2 dart slugs (D:1)
  3 orcs
  7 endoplasms
  5 giant cockroaches
  6 goblins
  3 hobgoblins (D:1)
  3 jackals (D:4)
  8 kobolds
  7 quokkas
  5 ball pythons
  4 bats
  3 rats
80 creatures vanquished.

Notes
Turn   | Place    | Note
-------+----------+-------------------------------------------
     0 | D:1      | iguanaiguana the Minotaur Fighter began the quest for the
                  | Orb.
     0 | D:1      | Reached XP level 1. HP: 19/19 MP: 0/0
   121 | D:1      | Found a faded altar of an unknown god.
   129 | D:1      | Reached XP level 2. HP: 27/27 MP: 1/1
   189 | D:1      | Reached skill level 3 in Axes
   519 | D:1      | Reached XP level 3. HP: 33/33 MP: 2/2
  1628 | D:3      | Reached XP level 4. HP: 37/40 MP: 3/3
  1775 | D:3      | Found an ornate altar of the Wu Jian Council.
  2225 | D:4      | Reached skill level 4 in Axes
  2475 | D:4      | Reached XP level 5. HP: 47/47 MP: 4/4
  2676 | D:4      | Found a white marble altar of Elyvilon.
  2676 | D:4      | Found a blossoming altar of Fedhas.
  2676 | D:4      | Found a shimmering blue altar of Sif Muna.
  2677 | D:4      | Found a stormy altar of Qazlal.
  2688 | D:4      | Found a broken altar of Ashenzari.
  2689 | D:4      | Found a sparkling altar of Nemelex Xobeh.
  2892 | D:4      | Became a worshipper of Nemelex Xobeh the Trickster
  2943 | D:5      | Entered Level 5 of the Dungeon
  3330 | D:5      | Found Meetrak's Assorted Antiques.
  3525 | D:5      | Noticed BeKind's ghost (amateur DgFi)
  3540 | D:5      | Found a runed translucent door.
  3579 | D:5      | Reached skill level 5 in Axes
  3624 | D:5      | Reached XP level 6. HP: 55/55 MP: 5/5
  3690 | D:5      | Reached skill level 5 in Shields
  3938 | D:5      | Reached skill level 5 in Fighting
  3938 | D:5      | Reached skill level 5 in Armour
  4000 | D:5      | Found a bloodstained altar of Trog.
  4073 | D:5      | Found a staircase to the Ecumenical Temple.
  4097 | D:5      | Noticed a hornet
  4101 | D:5      | Killed a hornet
  4102 | D:5      | Reached skill level 6 in Axes
  4102 | D:5      | Reached XP level 7. HP: 61/61 MP: 6/6
  4428 | D:6      | Reached * piety under Nemelex Xobeh
  4685 | D:6      | Received a gift from Nemelex Xobeh
  4688 | D:6      | Found Geannaor's Magic Scroll Emporium.
  4745 | D:6      | Noticed Maggie
  4757 | D:6      | Reached skill level 7 in Axes
  4760 | D:6      | Slain by Maggie

Illustrated notes

Levels and vault maps discovered:
D:1:      giann_forest_graveyard, layout_basic, basic_ecumenical_altar
D:2:      layout_basic
D:3:      minmay_evil_eye, layout_basic, mainiacjoe_overflow_catwalk
D:4:      layout_loops_cross, minitemple
D:5:      layout_gridville, kennysheep_mini,
          minmay_temple_entry_enclosed_plants, serial_shops,
          nicolae_shop_window_shopping, hellmonk_ghost_happy_afterlife
D:6:      layout_loops_ring, serial_shops, shop_scrolls, uniq_maggie

Skill      XL: |  1  2  3  4  5  6  7 |
---------------+----------------------+-----
Axes           | 3 4 5 6 7 |  7.2
Fighting       | 4 5 |  5.9
Shields        | 4 5 6 |  6.0
Armour         | 4 5 |  5.9

Action                   |  1- 3 |  4- 6 |  7- 9 || total
-------------------------+-------+-------+-------++-------
Melee: War axe           |    83 |    66 |    35 ||   184
       Headbutt          |     7 |    14 |     7 ||    28
  Use: Potion            |       |     1 |     3 ||     4
       Scroll            |       |       |     9 ||     9
 Stab: Invisible         |       |       |     2 ||     2
Armor: Scale mail        |    36 |       |       ||    36
       Chain mail        |     6 |    29 |    24 ||    59
Dodge: Dodged            |    34 |    26 |    10 ||    70
Block: Buckler           |    17 |     7 |    10 ||    34
